[Event "*** SCC Grand Prix: Titled Tuesday Blitz"]
[Site "Chess.com"]
[Date "2020.06.02"]
[Round "7"]
[White "Igor_Lysyj"]
[Black "Lubov_Gordyk"]
[Result "1-0"]
[WhiteElo "2764"]
[BlackElo "2580"]
[TimeControl "180+1"]
[EndTime "11:17:55 PDT"]
[Termination "Igor_Lysyj won by resignation"]

1. d4 c5 2. d5 f5 3. c4 g6 4. Nc3 Bg7 5. Qc2 Nf6 6. Nf3 d6 7.
Bf4 O-O 8. h3 Na6 9. e3 Nc7 10.
Rd1 a6 11. a4 Rb8 12. Be2 Bd7 13. a5 b5 14. axb6 Rxb6 15. b3 h6 16. O-O Qe8 17.
Bh2 Qf7 18. Nd2 Bc8 19. Bd3 Nd7 20. f4 Bf6 21. e4 Bd4+ 22. Kh1 Qg7 23. Ne2 Qf7 24.
exf5 gxf5 25. Nxd4 cxd4 26. Nf3 Nc5 27. Nxd4 Qf6 28.
Bg1 Rb7 29. Rf3 Rf7 30. Rg3+ Rg7 31. Rxg7+ Kxg7 32. Bxf5 Rb8 33. Bxc8 Rxc8 34. Nf5+ Kg8 35. Bd4 1-0

[Event "*** SCC Grand Prix: Titled Tuesday Blitz"]
[Site "Chess.com"]
[Date "2020.06.02"]
[Round "7"]
[White "AttilaTurzo"]
[Black "Gerasimenyuk_Miha"]
[Result "1-0"]
[WhiteElo "2480"]
[BlackElo "2356"]
[TimeControl "180+1"]
[EndTime "11:17:55 PDT"]
[Termination "AttilaTurzo won by resignation"]

1. e4 c6 2. d4 d5 3. Nc3 dxe4 4. Nxe4 Nf6 5. Nxf6+ gxf6 6. Nf3 h5 7. Be3 Nd7 8. Be2 Nb6 9. O-O h4 10. c4 Bg4 11. a4 e6 12. a5 Nd7 13. d5 e5 14.
a6 Qc7 15. axb7 Qxb7 16. dxc6 Qxc6 17. Nxe5 Nxe5 18. Bxg4 Rg8 19. Bh3 Rd8 20. Qa4 Qxa4 21. Rxa4 f5 22. Bxf5 Bd6 23. c5 Bb8 24. Kh1 Nd3 25.
Re4+ 1-0

[Event "*** SCC Grand Prix: Titled Tuesday Blitz"]
[Site "Chess.com"]
[Date "2020.06.02"]
[Round "7"]
[White "Panterov"]
[Black "vanImpe"]
[Result "0-1"]
[WhiteElo "2121"]
[BlackElo "2331"]
[TimeControl "180+1"]
[EndTime "11:17:56 PDT"]
[Termination "vanImpe won by resignation"]

1. e4 c5 2. b3 Nf6 3. Nc3 g6 4. g3 Bg7 5. Bg2 O-O 6. Nge2 Nc6 7. O-O d6 8. Bb2 e5 9. f4 Nd4 10. f5 gxf5 11. exf5 Nxf5 12. Nd5 Nxd5 13. Bxd5 Ne7 14. Bg2 f5 15. c3 d5 16. d4 cxd4 17. cxd4 e4 18.
Nf4 Ng6 19. Nh5 Bh6 20. Bc1 Bg5 21. h4 Be7 22. Bh6 Rf7 23. b4 Be6 24. a3 Rc8 25. Rc1 Rc4 26. Nf4 Nxf4 27. Bxf4 Bf6 28. Be5 Bxe5 29.
dxe5 Rfc7 30. Rxc4 Rxc4 31. Qa4 a6 32. Kh2 Qd7 33. Qa5 Qc7 34. Qa4 Bd7 35. b5 Rxa4 0-1

[Event "*** SCC Grand Prix: Titled Tuesday Blitz"]
[Site "Chess.com"]
[Date "2020.06.02"]
[Round "7"]
[White "chenxiaoyuer"]
[Black "kingofthenil"]
[Result "1-0"]
[WhiteElo "2337"]
[BlackElo "2445"]
[TimeControl "180+1"]
[EndTime "11:17:58 PDT"]
[Termination "chenxiaoyuer won by resignation"]

1. e4 Nc6 2. Nf3 d5 3. exd5 Qxd5 4. Nc3 Qh5 5. Nb5 Bg4 6. Nxc7+ Kd8 7. Nxa8 e5 8. d3 Nf6 9. Be2 Kc8 10. h3 Kb8 11. Ng1 Bxe2 12. Qxe2 Qg6 13. Nf3 Bd6 14. Nh4 Qh5 15. Qxh5 Nxh5 16. Nf3 Nb4 17. Kd1 Kxa8 18. a3 Nd5 19. g3 f5 20. Re1 Re8 21. c4 Nb6 22. b4 e4 23. c5 Rd8 24. cxd6 exf3 25.
Bg5 Rb8 26. Re7 Nd5 27. d7 Nhf6 28. Bxf6 Nxf6 29. Rc1 g5 30. Re8 Nxe8 31. Rc8 Nd6 32. Rxb8+ Kxb8 33. d8=Q+ Nc8 34. Qxg5 1-0

[Event "*** SCC Grand Prix: Titled Tuesday Blitz"]
[Site "Chess.com"]
[Date "2020.06.02"]
[Round "7"]
[White "Anna_ChessMate"]
[Black "ErikRonka"]
[Result "1-0"]
[WhiteElo "2550"]
[BlackElo "2394"]
[TimeControl "180+1"]
[EndTime "11:17:59 PDT"]
[Termination "Anna_ChessMate won by resignation"]

1. d4 d5 2. c4 e5 3. dxe5 d4 4. Nf3 Nc6 5. g3 f6 6. exf6 Nxf6 7. Bg2 Bg4 8. O-O Qd7 9. a3 O-O-O 10. b4 Bh3 11. b5 Bxg2 12. Kxg2 Ne7 13. Nbd2 Nf5 14.
Nb3 h5 15. Qd3 h4 16. Bf4 hxg3 17. fxg3 Ng4 18. Kg1 Nfe3 19. Bxe3 Nxe3 20. Rf2 Nf5 21. Ne5 Qe6 22. Qxf5 1-0

[Event "*** SCC Grand Prix: Titled Tuesday Blitz"]
[Site "Chess.com"]
[Date "2020.06.02"]
[Round "7"]
[White "Sanan_Sjugirov"]
[Black "platy3"]
[Result "1-0"]
[WhiteElo "2908"]
[BlackElo "2749"]
[TimeControl "180+1"]
[EndTime "11:18:01 PDT"]
[Termination "Sanan_Sjugirov won by resignation"]

1. e4 c5 2. Nf3 Nc6 3. Bb5 Nf6 4. Nc3 Nd4 5. e5 Nxb5 6. Nxb5 Nd5 7. O-O g6 8. d4 Nc7 9. Nxc7+ Qxc7 10. d5 Bg7 11. Bg5 f6 12. exf6 exf6 13. Re1+ Kf7 14. d6 Qc6 15.
Re7+ Kf8 16. Qe2 Qxd6 17. Re1 Kg8 18. Qc4+ 1-0

[Event "*** SCC Grand Prix: Titled Tuesday Blitz"]
[Site "Chess.com"]
[Date "2020.06.02"]
[Round "7"]
[White "AlexanderL"]
[Black "Ginger_GM"]
[Result "1-0"]
[WhiteElo "2811"]
[BlackElo "2592"]
[TimeControl "180+1"]
[EndTime "11:18:06 PDT"]
[Termination "AlexanderL won by resignation"]

1. Nf3 f5 2. e4 fxe4 3. Ng5 Nc6 4. d3 e3 5. Bxe3 e5 6. Nf3 Nf6 7. d4 e4 8. Ne5 d6 9. Nxc6 bxc6 10. c4 d5 11. Nc3 Rb8 12. Qd2 Bd6 13. c5 Be7 14. h3 O-O 15. Be2 Qe8 16. O-O-O a5 17. Kb1 Be6 18. Qc2 Rb4 19. a3 Rb7 20. Ka2 Qb8 21. Rd2 Qa7 22. Ka1 Rfb8 23. Rb1 Rb3 24. f3 Bf5 25. g4 Bg6 26. f4 h6 27. Bd1 R3b7 28.
Qc1 Nd7 29. Ba4 Be8 30. Bxc6 Nxc5 31. Bxd5+ Bf7 32. dxc5 Bxc5 33. Bxf7+ Kxf7 34. Bxc5 Qxc5 35. Nxe4 Qe7 36. Qc4+ Kf8 37. Nc5 Rb5 38. Nd7+ 1-0

[Event "*** SCC Grand Prix: Titled Tuesday Blitz"]
[Site "Chess.com"]
[Date "2020.06.02"]
[Round "7"]
[White "Titus369"]
[Black "AndrewDGreen"]
[Result "0-1"]
[WhiteElo "2565"]
[BlackElo "2350"]
[TimeControl "180+1"]
[EndTime "11:18:07 PDT"]
[Termination "AndrewDGreen won by resignation"]

1. e4 c5 2. Nf3 g6 3. d4 cxd4 4.
Nxd4 Nc6 5. c4 Nf6 6. Nc3 Nxd4 7.
Qxd4 d6 8. Be2 Bg7 9. Be3 O-O 10.
Qd2 a5 11. O-O a4 12. Rac1 Qa5 13. f4 Bd7 14. Bf3 Rfc8 15. b3 axb3 16. axb3 Qb4 17. Qd1 Ra3 18. Nd5 Nxd5 19. cxd5 Rxb3 20. Rxc8+ Bxc8 21. Bf2 Bd7 22. Qc2 Rc3 23. Qa2 Bd4 24. Qa8+ Kg7 25.
Qd8 Bxf2+ 26. Rxf2 Rc1+ 0-1

[Event "*** SCC Grand Prix: Titled Tuesday Blitz"]
[Site "Chess.com"]
[Date "2020.06.02"]
[Round "7"]
[White "GoValya"]
[Black "Cecile-Haussernot"]
[Result "0-1"]
[WhiteElo "2176"]
[BlackElo "2352"]
[TimeControl "180+1"]
[EndTime "11:18:08 PDT"]
[Termination "Cecile-Haussernot won by checkmate"]

1. d4 b6 2. c4 Bb7 3. Nc3 g6 4.
e4 Bg7 5. Nf3 e6 6. d5 Ne7 7. Be2 O-O 8. e5 d6 9. dxe6 fxe6 10.
exd6 cxd6 11. O-O Na6 12. Ng5 Nc7 13. Nb5 Nxb5 14. cxb5 Qd7 15. Bg4 Qxb5 16. Bxe6+ Kh8 17. Nf7+ Rxf7 18. Bxf7 Qc6 19. f3 Rf8 20. Bb3 Qc5+ 21. Kh1 Nf5 22. Qc2 Qd4 23. Rd1 Qh4 24. Qc4 Bd4 25. h3 Bxf3 26. Rxd4 Qxh3+ 27. Kg1 Qxg2# 0-1

[Event "*** SCC Grand Prix: Titled Tuesday Blitz"]
[Site "Chess.com"]
[Date "2020.06.02"]
[Round "7"]
[White "lifeissofun"]
[Black "amelia91"]
[Result "1-0"]
[WhiteElo "2265"]
[BlackElo "1967"]
[TimeControl "180+1"]
[EndTime "11:18:10 PDT"]
[Termination "lifeissofun won by resignation"]

1. e4 c5 2. Nf3 d6 3. d4 cxd4 4. Nxd4 Nf6 5. Nc3 Nc6 6. f3 e5 7. Nb3 Be6 8. Be3 Be7 9. Qd2 O-O 10. O-O-O a6 11. g4 Qc7 12. h4 Rfd8 13. Nd5 Bxd5 14.
exd5 Nb8 15. h5 b5 16. g5 Nfd7 17. Bd3 Nb6 18. g6 Nc4 19. gxf7+ Kxf7 20. Qe2 Nxe3 21. Qxe3 h6 22. Kb1 Nd7 23. Rhg1 Nf6 24. f4 Nxd5 25.
Bg6+ Kf8 26. Rxd5 Rac8 27. fxe5 dxe5 28. Rf1+ Bf6 29. Rxd8+ Rxd8 30. Nc5 Qd6 31. a3 Kg8 32. Nb7 1-0

[Event "*** SCC Grand Prix: Titled Tuesday Blitz"]
[Site "Chess.com"]
[Date "2020.06.02"]
[Round "7"]
[White "Bubachess1608"]
[Black "ecwinslow"]
[Result "1-0"]
[WhiteElo "2325"]
[BlackElo "2142"]
[TimeControl "180+1"]
[EndTime "11:18:12 PDT"]
[Termination "Bubachess1608 won by resignation"]

1. e4 c5 2. d3 Nc6 3. c3 g6 4.
f4 Bg7 5. Nf3 d5 6. Qe2 dxe4 7.
dxe4 Nf6 8. g3 O-O 9. Bg2 e5 10. O-O Re8 11. fxe5 Ng4 12. Bf4 Ngxe5 13. Nbd2 Be6 14.
Nxe5 Nxe5 15. Bxe5 Bxe5 16. Nc4 Bg7 17. Rad1 Qc7 18. a4 Rad8 19. Rxd8 Rxd8 20. e5 Bxc4 21. Qxc4 Bxe5 22. a5 b6 23. a6 Kg7 24. Qe4 f5 25. Qb7 Qf7 26. Re1 Bf6 27. Bc6 h5 28. Be8 Rxe8 29.
Rxe8 h4 30. Ra8 1-0

[Event "*** SCC Grand Prix: Titled Tuesday Blitz"]
[Site "Chess.com"]
[Date "2020.06.02"]
[Round "7"]
[White "aleksa74"]
[Black "TigrVShlyape"]
[Result "0-1"]
[WhiteElo "2675"]
[BlackElo "2883"]
[TimeControl "180+1"]
[EndTime "11:18:14 PDT"]
[Termination "TigrVShlyape won by resignation"]

1. e4 e5 2. Nf3 Nc6 3. Bb5 Nf6 4.
d3 d6 5. c3 Bd7 6. Nbd2 g6 7.
Nf1 Bg7 8. Bg5 h6 9. Bh4 O-O 10. Ne3 Qe8 11. Bxf6 Bxf6 12. Nd5 Qd8 13. Nxf6+ Qxf6 14. Nd2 Qg5 15. Qf3 f5 16. Qg3 Qf6 17. exf5 Bxf5 18.
O-O Be6 19. Rae1 Kh7 20. Bxc6 bxc6 21. b3 a5 22. d4 exd4 23. Ne4 Qf5 24. cxd4 a4 25.
Re3 axb3 26. axb3 Bd5 27. Rfe1 Bxe4 0-1

[Event "*** SCC Grand Prix: Titled Tuesday Blitz"]
[Site "Chess.com"]
[Date "2020.06.02"]
[Round "7"]
[White "EnergeticHay"]
[Black "mattcolins2025"]
[Result "0-1"]
[WhiteElo "2196"]
[BlackElo "2361"]
[TimeControl "180+1"]
[EndTime "11:18:14 PDT"]
[Termination "mattcolins2025 won by resignation"]

1. e4 c5 2. Nf3 e6 3. d4 cxd4 4. Nxd4 Nc6 5. Nc3 Qc7 6. Be3 a6 7. Qf3 Nf6 8. O-O-O Ne5 9. Qg3 d6 10. f4 Nc6 11. Nxc6 bxc6 12. e5 dxe5 13. fxe5 Nd7 14. Bf4 h6 15. h4 Rb8 16. Bc4 Qb6 17. Bb3 Nc5 18. Kb1 a5 19. Be3 Qb4 20. Rd4 Qb7 21. Rhd1 Bd7 22. R4d2 a4 23. Nxa4 Nxa4 24. Rxd7 Qb5 25.
c4 Qa5 26. Qf2 Be7 27. Rf1 Kxd7 0-1

[Event "*** SCC Grand Prix: Titled Tuesday Blitz"]
[Site "Chess.com"]
[Date "2020.06.02"]
[Round "7"]
[White "Dynamikus"]
[Black "RaunakSadhwani2005"]
[Result "1/2-1/2"]
[WhiteElo "2767"]
[BlackElo "2885"]
[TimeControl "180+1"]
[EndTime "11:18:16 PDT"]
[Termination "Game drawn by agreement"]

1. e4 c6 2. d4 d5 3. Nd2 dxe4 4. Nxe4 Nf6 5. Nxf6+ exf6 6. c3 Bd6 7. Bd3 O-O 8. Ne2 Re8 9. Qc2 h5 10. O-O h4 11. h3 Nd7 12. Be3 Nf8 13. Rae1 Qa5 14. b3 Bd7 15. Bc1 Re7 16. f4 Rae8 17. Bd2 Qh5 18.
f5 Rxe2 19. Bxe2 Rxe2 20. Qd1 Bxf5 21. Qxe2 Qg6 22. Qf3 Bd3 23. Rf2 Ne6 24. Be3 f5 25. Bd2 1/2-1/2

[Event "*** SCC Grand Prix: Titled Tuesday Blitz"]
[Site "Chess.com"]
[Date "2020.06.02"]
[Round "7"]
[White "kot60"]
[Black "Bhagya_2312"]
[Result "1-0"]
[WhiteElo "2447"]
[BlackElo "2162"]
[TimeControl "180+1"]
[EndTime "11:18:16 PDT"]
[Termination "kot60 won by resignation"]

1. e4 c6 2. d4 d5 3. f3 e6 4. Nd2 Nf6 5. c3 Nbd7 6. e5 Ng8 7. Bd3 c5 8. f4 Ne7 9. Ndf3 Nc6 10. Ne2 g6 11. O-O Be7 12. a3 c4 13. Bc2 O-O 14. g4 f6 15. Ng3 fxe5 16. fxe5 b5 17. Bh6 Rf7 18. Qd2 a5 19. Ng5 Rxf1+ 20. Rxf1 Nf8 21. h4 Ra7 22. Qf2 1-0

[Event "*** SCC Grand Prix: Titled Tuesday Blitz"]
[Site "Chess.com"]
[Date "2020.06.02"]
[Round "7"]
[White "Khvicha_Supatashvili"]
[Black "vladislavkovalev"]
[Result "0-1"]
[WhiteElo "2732"]
[BlackElo "2877"]
[TimeControl "180+1"]
[EndTime "11:18:19 PDT"]
[Termination "vladislavkovalev won by resignation"]

1. e4 e5 2. Nf3 Nc6 3. Bb5 a6 4. Ba4 Nf6 5. d3 d6 6. c3 g6 7.
O-O Bg7 8. h3 O-O 9. Be3 b5 10.
Bb3 Na5 11. Bc2 c5 12. Nbd2 Re8 13. a4 Bb7 14. Re1 b4 15. Nb3 Nc6 16. a5 Rb8 17. Bg5 h6 18. Bxf6 Bxf6 19. Nfd2 Bc8 20. Nc4 Be6 21.
Nbd2 Rf8 22. Ba4 Nxa5 23. Nxa5 Qxa5 24. Bd7 Qb6 25. Bxe6 fxe6 26. Qg4 Kf7 27. Nc4 Qc6 28. Ra5 Bd8 29. Ra2 h5 30. Qg3 Kg7 31. Rea1 Ra8 32.
Qe3 Bc7 33. h4 Rf7 34. g3 Qb5 35. Qd2 a5 36. Qc2 b3 0-1

[Event "*** SCC Grand Prix: Titled Tuesday Blitz"]
[Site "Chess.com"]
[Date "2020.06.02"]
[Round "7"]
[White "GAusal"]
[Black "cukin84"]
[Result "1-0"]
[WhiteElo "1999"]
[BlackElo "2188"]
[TimeControl "180+1"]
[EndTime "11:18:20 PDT"]
[Termination "GAusal won by resignation"]

1. e4 c6 2. d4 d5 3. exd5 cxd5 4. Nf3 Nc6 5. Nc3 Bg4 6. Bb5 a6 7. Bxc6+ bxc6 8. h3 Bh5 9. g4 Bg6 10. Bf4 e6 11. Qd2 Bd6 12. O-O-O Ne7 13. Bxd6 Qxd6 14.
Ne5 c5 15. Rhe1 cxd4 16. Qxd4 O-O 17. f4 Rab8 18. f5 exf5 19. Nxd5 Nxd5 20. Qxd5 Qb6 21. Qd4 fxg4 22. Qxb6 Rxb6 23. Nd7 Rc6 24. Nxf8 Rxc2+ 25. Kb1 Rc8+ 26. Nxg6 hxg6 27. hxg4 Rc4 28. g5 f6 29.
gxf6 gxf6 30. Re7 Rc8 31. Rd6 Kf8 32. Ree6 1-0

[Event "*** SCC Grand Prix: Titled Tuesday Blitz"]
[Site "Chess.com"]
[Date "2020.06.02"]
[Round "7"]
[White "Matveev_Vladimir"]
[Black "Shivagami"]
[Result "1-0"]
[WhiteElo "2562"]
[BlackElo "2254"]
[TimeControl "180+1"]
[EndTime "11:18:23 PDT"]
[Termination "Matveev_Vladimir won by resignation"]

1. d4 Nf6 2. c4 c5 3. d5 e6 4. Nc3 exd5 5. cxd5 d6 6. e4 g6 7.
Nge2 a6 8. a4 Bg7 9. Ng3 O-O 10.
Be2 Nbd7 11. O-O Re8 12. f4 Rb8 13. h4 h5 14. e5 dxe5 15. f5 Nb6 16. Bg5 Nbxd5 17.
fxg6 Nxc3 18. bxc3 Qxd1 19. Raxd1 Re6 20. Rd8+ 1-0

[Event "*** SCC Grand Prix: Titled Tuesday Blitz"]
[Site "Chess.com"]
[Date "2020.06.02"]
[Round "7"]
[White "Reinaldovera"]
[Black "Harry_Rakkel"]
[Result "0-1"]
[WhiteElo "2236"]
[BlackElo "2507"]
[TimeControl "180+1"]
[EndTime "11:18:26 PDT"]
[Termination "Harry_Rakkel won on time"]

1. d4 Nf6 2. c4 e6 3. Nc3 Bb4 4. Qc2 O-O 5. Nf3 c5 6. dxc5 Na6 7. g3 Nxc5 8. Bg2 Nce4 9. O-O Nxc3 10. bxc3 Be7 11.
e4 Qc7 12. e5 Ne8 13. Bg5 f6 14. exf6 Bxf6 15. Rfd1 Rb8 16. Bf4 d6 17. Rab1 Bd7 18.
Qe2 e5 19. Be3 b6 20. Ng5 Bxg5 21. Bxg5 Be6 22. Bd5 Bxd5 23. Rxd5 Rc8 24. Rb4 Rf7 25. h4 h6 26. Be3 Nf6 27. Rd2 Qc6 28. Rd3 Ne4 29.
Qg4 Rcf8 0-1

[Event "*** SCC Grand Prix: Titled Tuesday Blitz"]
[Site "Chess.com"]
[Date "2020.06.02"]
[Round "7"]
[White "Enriquack"]
[Black "PauloCesarCosta_sad"]
[Result "0-1"]
[WhiteElo "2340"]
[BlackElo "2209"]
[TimeControl "180+1"]
[EndTime "11:18:28 PDT"]
[Termination "PauloCesarCosta_sad won by resignation"]

1. e4 e6 2. d4 d5 3. Nc3 Nf6 4. Bg5 Be7 5. e5 Nfd7 6. h4 Bxg5 7. hxg5 Qxg5 8. Nh3 Qe7 9. Qg4 g6 10. Nf4 Nc6 11. Bd3 Nxd4 12. Nxg6 Qb4 13. Nxh8 Nxc2+ 14. Kd2 Qxg4 15. Kxc2 Nxe5 16. Bxh7 Bd7 17. Rae1 Qxg2 18. Rhg1 Qxf2+ 19. Kd1 O-O-O 20. Rgf1 Qxb2 0-1

[Event "*** SCC Grand Prix: Titled Tuesday Blitz"]
[Site "Chess.com"]
[Date "2020.06.02"]
[Round "7"]
[White "MPGM"]
[Black "Alexander_Donchenko"]
[Result "1/2-1/2"]
[WhiteElo "2543"]
[BlackElo "2692"]
[TimeControl "180+1"]
[EndTime "11:18:30 PDT"]
[Termination "Game drawn by agreement"]

1. d4 d5 2. c4 c6 3. Nf3 Nf6 4. Nc3 dxc4 5. a4 e6 6. e3 c5 7.
Bxc4 Nc6 8. O-O cxd4 9. exd4 Be7 10. Qe2 O-O 11. Rd1 Nb4 12. a5 Bd7 13. Ne5 Rc8 14. a6 bxa6 15. Bxa6 Nxa6 16. Qxa6 Rc7 17. Bf4 Nh5 18.
Nxd7 Rxd7 19. Be3 Nf6 20. d5 Nxd5 21. Nxd5 Rxd5 22. Rxd5 Qxd5 23. Qxa7 Bf6 24. Qa3 Rb8 25. Qa2 Qb5 26. g3 h5 27. h4 Qxb2 28. Qxb2 Rxb2 29. Ra8+ Kh7 30. Kg2 Kg6 31. Kf3 Rb7 32. Ra5 Bd8 33.
Rc5 Rd7 34. Rb5 Be7 35. Ra5 Bf6 36. Rb5 Bd4 37. Rg5+ Kf6 38. Rxh5 Bxe3 39. Kxe3 Ra7 40. Rc5 Ra3+ 41. Kf4 Ra4+ 42. Kf3 g6 1/2-1/2

[Event "*** SCC Grand Prix: Titled Tuesday Blitz"]
[Site "Chess.com"]
[Date "2020.06.02"]
[Round "7"]
[White "Siniauski"]
[Black "elegant285"]
[Result "0-1"]
[WhiteElo "2491"]
[BlackElo "2387"]
[TimeControl "180+1"]
[EndTime "11:18:30 PDT"]
[Termination "elegant285 won by checkmate"]

1. e4 c6 2. d4 d5 3. Nc3 dxe4 4. Nxe4 Nf6 5. Nxf6+ exf6 6. c3 Bd6 7. Bd3 O-O 8. Qc2 Re8+ 9. Ne2 h5 10. Be3 Be6 11. O-O Qc7 12. h3 Nd7 13. c4 Nf8 14. Rac1 Qd7 15. Rfd1 Bxh3 16. gxh3 Qxh3 17. Nf4 Bxf4 18.
Bxf4 Qg4+ 19. Bg3 h4 20. Kg2 hxg3 21. fxg3 Ng6 22. Bxg6 Re2+ 23. Kf1 Qf3+ 24. Kg1 Qg2# 0-1

[Event "*** SCC Grand Prix: Titled Tuesday Blitz"]
[Site "Chess.com"]
[Date "2020.06.02"]
[Round "7"]
[White "MasterKroket"]
[Black "Ali_rastbod"]
[Result "0-1"]
[WhiteElo "2420"]
[BlackElo "2642"]
[TimeControl "180+1"]
[EndTime "11:18:32 PDT"]
[Termination "Ali_rastbod won by resignation"]

1. d4 Nf6 2. c4 e6 3. Nf3 Bb4+ 4. Bd2 Qe7 5. g3 O-O 6. Bg2 Bxd2+ 7. Nbxd2 d6 8. O-O e5 9. d5 e4 10. Nd4 e3 11. N2f3 exf2+ 12. Kh1 Ng4 13. Qd3 Na6 14.
Nd2 Nc5 15. Qf3 a5 16. h3 Ne5 17. Qxf2 Bd7 18. N2b3 Nxc4 19. Nxc5 dxc5 20. Nb3 Ne3 21. Rfc1 Nxg2 22. Kxg2 b6 23. Re1 f5 24. Nd2 Rae8 25.
e3 Qe5 26. Rad1 Qxd5+ 27. Nf3 Qc6 28. Kh2 Be6 29. b3 Rd8 30. Ng5 h6 31. Nf3 Bd5 32.
Nh4 Qe6 33. Rd2 g5 34. Nf3 Bxf3 35. Qxf3 Rxd2+ 0-1

[Event "*** SCC Grand Prix: Titled Tuesday Blitz"]
[Site "Chess.com"]
[Date "2020.06.02"]
[Round "7"]
[White "SantoBlue"]
[Black "mbojan"]
[Result "1-0"]
[WhiteElo "2787"]
[BlackElo "2628"]
[TimeControl "180+1"]
[EndTime "11:18:36 PDT"]
[Termination "SantoBlue won by resignation"]

1. e4 c5 2. Nf3 Nc6 3. d4 cxd4 4. Nxd4 Nf6 5. Nc3 e5 6. Ndb5 d6 7. Bg5 a6 8. Na3 b5 9. Nd5 Be7 10. Bxf6 Bxf6 11. c3 O-O 12. Nc2 Bg5 13. a4 bxa4 14. Rxa4 a5 15. Bc4 Rb8 16. h4 Bh6 17. Ra2 Kh8 18.
Nce3 Be6 19. g3 Qc8 20. b3 Bxe3 21. Nxe3 Bxc4 22. Nxc4 Rd8 23. O-O Qe6 24. Qd5 Qxd5 25.
exd5 Ne7 26. Nxa5 Nxd5 27. Nc6 Ra8 28. Rd2 Rdc8 29. Rxd5 Rxc6 30. c4 Rb6 31. Rb1 Rab8 32. b4 Rxb4 33. Rxb4 Rxb4 34. c5 f6 35. cxd6 Rb8 36.
d7 1-0

[Event "*** SCC Grand Prix: Titled Tuesday Blitz"]
[Site "Chess.com"]
[Date "2020.06.02"]
[Round "7"]
[White "Rodchenkov_Vitalij"]
[Black "PetrolulSah"]
[Result "1-0"]
[WhiteElo "2442"]
[BlackElo "2224"]
[TimeControl "180+1"]
[EndTime "11:18:36 PDT"]
[Termination "Rodchenkov_Vitalij won by checkmate"]

1. d4 Nf6 2. Nf3 e6 3. Bg5 d5 4. Nbd2 Be7 5. c3 O-O 6. e3 c5 7. Bd3 Nc6 8. O-O c4 9. Bc2 b5 10. Qe2 b4 11. e4 bxc3 12. bxc3 Qa5 13. e5 Nd7 14. Bxe7 Nxe7 15. Bxh7+ Kxh7 16. Ng5+ Kh6 17. f4 Qxc3 18. Qg4 Qxd4+ 19. Kh1 Rh8 20. Qh4+ Kg6 21.
Qxh8 Kf5 22. g4+ Kxg4 23. Qh3# 1-0

[Event "*** SCC Grand Prix: Titled Tuesday Blitz"]
[Site "Chess.com"]
[Date "2020.06.02"]
[Round "7"]
[White "colegiodemadrid"]
[Black "TST2014"]
[Result "0-1"]
[WhiteElo "2375"]
[BlackElo "2512"]
[TimeControl "180+1"]
[EndTime "11:18:41 PDT"]
[Termination "TST2014 won by resignation"]

1. e4 c5 2. Nf3 Nc6 3. d4 cxd4 4. Nxd4 Nf6 5. Nc3 d6 6. Bc4 e5 7. Nf5 Bxf5 8. exf5 Qd7 9. g4 d5 10. Nxd5 O-O-O 11. Bg5 Nb4 12. Nxf6 Qc6 13. Nd5 Qxc4 14. Bxd8 Nxc2+ 15. Kd2 Bb4+ 16. Nxb4 Rxd8+ 17. Kc1 Nxb4+ 0-1

[Event "*** SCC Grand Prix: Titled Tuesday Blitz"]
[Site "Chess.com"]
[Date "2020.06.02"]
[Round "7"]
[White "albi1999"]
[Black "Piotrek1979"]
[Result "1-0"]
[WhiteElo "2642"]
[BlackElo "2420"]
[TimeControl "180+1"]
[EndTime "11:18:44 PDT"]
[Termination "albi1999 won by resignation"]

1. d4 Nf6 2. c4 d6 3. Nf3 Nc6 4.
Nc3 e5 5. g3 Bg4 6. Bg2 Bxf3 7.
Bxf3 exd4 8. Nb5 Be7 9. Nxd4 Nxd4 10. Qxd4 c6 11. O-O O-O 12. b3 Qb6 13. Rd1 Qxd4 14. Rxd4 Nd7 15. Rd2 Bf6 16. Bb2 Bxb2 17. Rxb2 Nc5 18.
Rd2 Rfd8 19. Rad1 Kf8 20. Rxd6 Ke7 21. Rxd8 Rxd8 22. Rxd8 Kxd8 23. Kf1 a5 24. Ke1 Ke7 25. Kd2 Kd6 26. Kc3 Ke5 27. e3 g5 28. a3 h6 29. b4 axb4+ 30. axb4 Ne6 31. Bg2 f5 32. f4+ Kf6 33. Bf3 gxf4 34. exf4 Ke7 35. Be2 Kf6 36. Bd3 Nf8 37. c5 Nd7 38. Kd4 Ke6 39. b5 cxb5 40.
Bxb5 Nf6 41. Bc4+ Ke7 42. Bd5 Ng4 43. h3 Nf2 44. Bxb7 Nxh3 45. Ke3 1-0

[Event "*** SCC Grand Prix: Titled Tuesday Blitz"]
[Site "Chess.com"]
[Date "2020.06.02"]
[Round "7"]
[White "DraG0s3L"]
[Black "ega2006"]
[Result "1-0"]
[WhiteElo "2516"]
[BlackElo "2376"]
[TimeControl "180+1"]
[EndTime "11:18:47 PDT"]
[Termination "DraG0s3L won by resignation"]

1. Nf3 Nf6 2. b3 g6 3. Bb2 Bg7 4. e3 O-O 5. d4 c6 6. Be2 d5 7. O-O Nbd7 8. c4 b6 9. Nc3 Bb7 10. Rc1 Re8 11. cxd5 Nxd5 12. Nxd5 cxd5 13. Ba3 e5 14.
dxe5 Nxe5 15. Nd4 Rc8 16. Qd2 Qf6 17. Nb5 Bf8 18. Bxf8 Rxf8 19. Nxa7 Ra8 20. Nb5 h5 21. a4 h4 22. Rc7 Bc8 23. Qxd5 Be6 24. Qe4 Bxb3 25.
f4 Ng4 26. Bxg4 Rxa4 27. Qe5 Qd8 28. Rc8 Qxc8 29. Bxc8 Rxc8 30. Nd4 Bc4 31. Rc1 Ra2 32. f5 Rc5 33. Qb8+ Kg7 34. f6+ Kh6 35. Qh8+ Kg5 36. Nf3+ Kf5 37. Qxh4 b5 38. Qg5+ Ke6 39. Qxc5 1-0

[Event "*** SCC Grand Prix: Titled Tuesday Blitz"]
[Site "Chess.com"]
[Date "2020.06.02"]
[Round "7"]
[White "PSvidler"]
[Black "artooon"]
[Result "1-0"]
[WhiteElo "2987"]
[BlackElo "2733"]
[TimeControl "180+1"]
[EndTime "11:18:48 PDT"]
[Termination "PSvidler won by resignation"]

1. e4 e5 2. Nf3 Nc6 3. Bb5 Nf6 4. d3 Bc5 5. c3 O-O 6. O-O d5 7. Nbd2 Re8 8. Qe2 a6 9. Ba4 b5 10. Bb3 Bb7 11. exd5 Nxd5 12. Ne4 Nf4 13. Bxf4 exf4 14. Qd2 Bd6 15. Bd5 h6 16. Rfe1 Na5 17. Bxb7 Nxb7 18. d4 Qd7 19. Qd3 f5 20. Ned2 Rad8 21. a4 c5 22.
axb5 axb5 23. Rxe8+ Rxe8 24. h3 c4 25. Qc2 Nd8 26.
b3 cxb3 27. Qxb3+ Nf7 28. Rb1 Rb8 29. Qd5 b4 30. Ne5 Qb5 31. Qxf7+ Kh8 32. Ndc4 Bxe5 33. Nxe5 1-0

[Event "*** SCC Grand Prix: Titled Tuesday Blitz"]
[Site "Chess.com"]
[Date "2020.06.02"]
[Round "7"]
[White "Sethu0025"]
[Black "JesseKraai"]
[Result "1-0"]
[WhiteElo "2774"]
[BlackElo "2436"]
[TimeControl "180+1"]
[EndTime "11:18:48 PDT"]
[Termination "Sethu0025 won by resignation"]

1. d4 e6 2. e4 d5 3. Nc3 Nf6 4. e5 Nfd7 5. f4 c5 6. Nf3 Nc6 7. Be3 cxd4 8. Nxd4 Bc5 9. Qd2 O-O 10. O-O-O a6 11. Kb1 Nxd4 12. Bxd4 b5 13. h4 b4 14.
Ne2 a5 15. h5 Ba6 16. g4 Qc7 17. h6 g6 18. Ng3 Bxd4 19. Qxd4 Rfc8 20. Rh2 Bxf1 21.
Nxf1 a4 22. Ne3 b3 23. a3 bxc2+ 24. Rxc2 Qb7 25. Rdc1 Rxc2 26. Rxc2 Nb6 27. f5 Rb8 28.
fxe6 fxe6 29. g5 Qe7 30. Qf4 Nd7 31. Qxa4 Nc5 32. Qc6 Ne4 33. Nxd5 Qxa3 34. Qxe6+ Kh8 35. Rc8+ 1-0

[Event "*** SCC Grand Prix: Titled Tuesday Blitz"]
[Site "Chess.com"]
[Date "2020.06.02"]
[Round "7"]
[White "vanyakuba"]
[Black "Mazetovic"]
[Result "0-1"]
[WhiteElo "2464"]
[BlackElo "2649"]
[TimeControl "180+1"]
[EndTime "11:18:52 PDT"]
[Termination "Mazetovic won by resignation"]

1. e4 c5 2. c3 Qa5 3. Nf3 Nc6 4.
Na3 e6 5. Nc4 Qc7 6. d4 b5 7. Ne3 cxd4 8. cxd4 Nf6 9. d5 Ne5 10.
Nxe5 Qxe5 11. Bxb5 Bb4+ 12. Bd2 Qxb2 13. Nc4 Bxd2+ 14.
Qxd2 Qxa1+ 15. Ke2 Qxh1 16. Qb4 Nxe4 17. dxe6 fxe6 18.
Ne5 Qxg2 19. Nxd7 Qxf2+ 0-1